Map: Heavy Artillery LE

Players

Massa - Winner!

  • Race: Terran Terran
  • League: Gold
  • Spawn Location: 1:00

qqq - Winner!

  • Race: Zerg Zerg
  • League: Platinum
  • Spawn Location: 3:00

xRanDy

  • Race: Protoss Protoss
  • Spawn Location: 7:00

FoxAliveGGK

  • Race: Protoss Protoss
  • League: Platinum
  • Spawn Location: 7:00

VOD

Have the link to the VOD?

Description

Time

  • Played on: July 31, 2020, 6:46 a.m.
  • Length: 6:43
Show
View Real Time Build Order
Export as new Build Order

Massa Terran - Winner!

Build Orders:  

Get SALT Encoding   

  12  0:02  SCV  
  13  0:17  Supply Depot  
  13  0:18  SCV  
  14  0:26  Refinery  
  14  0:30  SCV  
  15  0:41  Barracks  
  15  0:45  SCV  
  16  0:57  SCV  
  16  1:01  Supply Depot  
  17  1:09  SCV  
  18  1:21  SCV  
  18  1:23  Barracks  
  19  1:33  SCV  
  19  1:39  Factory  
  20  1:45  Marine  
  21  2:02  Orbital Command  
  21  2:08  Barracks Tech Lab  
  21  2:11  Barracks Reactor  
  21  2:24  Factory Tech Lab  
  21  2:25  Refinery  
  21  2:27  Marauder  
  23  2:48  Marine x2  
  23  2:50  Marauder  
  27  3:03  Siege Tank  
  27  3:04  Command Center  
  30  3:07  Marine  
  31  3:14  Supply Depot  
  31  3:35  SCV, Marine x2  
  31  3:36  Marauder  
  31  3:39  Siege Tank  
  39  4:01  Supply Depot  
  39  4:10  Supply Depot  
  39  4:15  SCV, Marine x2  
  39  4:16  SCV, Marauder  
  45  4:27  SCV  
  45  4:28  SCV  
  47  4:33  Marine x2  
  47  4:37  Marauder  
  31  5:39  Marauder, Marine x2  
  35  5:50  Orbital Command  
  35  5:57  Marine x2  
  35  5:58  SCV  
  35  6:01  Marauder  
  40  6:10  SCV  
  40  6:22  SCV  
  36  6:41  Engineering Bay  
Show
View Real Time Build Order
Export as new Build Order

qqq Zerg - Winner!

Build Orders: Hatch First 

Get SALT Encoding   

  12  0:01  Drone  
  13  0:08  Drone  
  14  0:38  Hatchery  
  13  0:44  Drone  
  14  0:56  Spawning Pool  
  13  1:05  Overlord  
  13  1:06  Drone  
  13  1:09  Extractor  
  13  1:11  Drone  
  14  1:24  Drone  
  15  1:33  Drone  
  16  1:46  Drone  
  17  1:47  Queen  
  17  1:50  Queen  
  17  1:53  Drone  
  22  1:58  Drone  
  23  2:02  Drone  
  23  2:05  Drone  
  25  2:10  Drone  
  25  2:13  Drone  
  27  2:21  Drone  
  28  2:31  Overlord  
  28  2:32  Overlord  
  28  2:38  Overlord  
  28  2:45  Overlord  
  28  2:59  Drone  
  28  3:00  Zergling x6  
  28  3:02  Drone  
  28  3:03  Drone  
  28  3:04  Zergling x4  
  28  3:05  Zergling x2  
  37  3:10  Metabolic Boost  
  37  3:12  Zergling x2  
  38  3:21  Drone  
  38  3:22  Roach Warren  
  38  3:24  Zergling x2  
  38  3:26  Zergling x2  
  40  3:29  Zergling x2  
  40  3:32  Pneumatized Carapace  
  41  3:40  Lair  
  41  3:42  Zergling x2  
  41  3:44  Zergling x2  
  41  3:46  Zergling x2  
  44  3:56  Drone x2  
  44  3:57  Zergling x4  
  48  4:12  Roach x2  
  48  4:13  Roach x2  
  56  4:26  Roach x2  
  56  4:28  Overlord  
  60  4:41  Overlord x2  
  60  4:43  Hatchery  
  59  4:55  Spore Crawler  
  59  4:58  Spore Crawler  
  53  5:04  Roach x3  
  47  5:11  Drone x3  
  49  5:42  Roach x4  
  56  5:43  Drone x5  
  60  6:02  Roach x2  
  60  6:03  Roach  
  66  6:08  Drone x3  
  66  6:09  Roach  
  71  6:40  Extractor  
Show
View Real Time Build Order
Export as new Build Order

xRanDy Protoss 

Build Orders: Oracle Opening 

Get SALT Encoding   

  12  0:01  Probe  
  13  0:13  Probe  
  14  0:25  Probe  
  15  0:32  Pylon  
  15  0:50  Probe  
  15  0:51  Gateway  
  16  1:02  Probe (Chrono Boost), Assimilator  
  17  1:14  Probe (Chrono Boost)  
  18  1:19  Probe (Chrono Boost), Pylon  
  19  1:28  Probe  
  19  1:30  Assimilator  
  20  1:38  Cybernetics Core  
  20  1:40  Pylon  
  20  1:41  Probe (Chrono Boost)  
  21  1:48  Pylon  
  21  1:53  Probe (Chrono Boost)  
  22  2:00  Probe (Chrono Boost)  
  23  2:12  Probe  
  24  2:16  Stargate  
  24  2:24  Probe  
  25  2:37  Probe  
  26  2:39  Nexus  
  26  2:49  Probe  
  27  2:57  Oracle (Chrono Boost)  
  27  3:01  Probe  
  31  3:17  Probe, Assimilator  
  32  3:27  Oracle  
  35  3:36  Probe  
  36  3:48  Probe  
  37  3:53  Probe  
  38  3:55  Stargate  
  38  4:00  Probe  
  39  4:05  Probe  
  39  4:06  Assimilator  
  40  4:12  Probe  
  43  4:18  Probe  
  42  4:28  Fleet Beacon  
  42  4:30  Probe (Chrono Boost)  
  44  4:32  Probe (Chrono Boost)  
  44  4:41  Probe (Chrono Boost)  
  44  4:44  Probe (Chrono Boost)  
  46  4:53  Probe  
  47  5:17  Pylon  
  46  5:21  Pylon  
  46  5:24  Pylon  
  36  5:32  Void Ray x2 (Chrono Boost)  
Show
View Real Time Build Order
Export as new Build Order

FoxAliveGGK Protoss 

Build Orders:  

Get SALT Encoding   

  12  0:00  Probe  
  13  0:12  Probe  
  14  0:20  Pylon  
  14  0:24  Probe  
  15  0:38  Probe, Gateway  
  16  0:50  Probe (Chrono Boost)  
  16  0:53  Assimilator  
  17  0:59  Pylon  
  17  1:01  Probe (Chrono Boost)  
  18  1:06  Probe (Chrono Boost)  
  19  1:11  Assimilator  
  19  1:16  Probe (Chrono Boost)  
  20  1:28  Probe (Chrono Boost)  
  20  1:30  Zealot  
  23  1:33  Probe (Chrono Boost)  
  23  1:35  Cybernetics Core  
  24  1:43  Probe  
  25  1:55  Pylon  
  25  1:58  Gateway  
  25  2:04  Probe  
  25  2:07  Zealot  
  28  2:08  Warp Gate (Chrono Boost)  
  28  2:16  Probe  
  29  2:25  Gateway  
  29  2:33  Gateway  
  29  2:40  Stalker  
  29  2:43  Probe  
  32  2:48  Sentry  
  34  3:12  Robotics Facility  
  34  3:20  Nexus  
  34  3:29  Pylon  
  34  3:32  Probe  
  35  3:44  Probe  
  36  3:51  Stalker x2  
  36  3:53  Stalker  
  42  4:03  Probe  
  43  4:16  Probe, Stalker  
  46  4:23  Pylon  
  46  4:24  Robotics Facility  
  46  4:27  Pylon  
  46  4:29  Probe (Chrono Boost)  
  49  4:39  Probe (Chrono Boost)  
  49  4:41  Probe (Chrono Boost)  
  49  4:46  Sentry  
  49  4:49  Probe  
  50  5:07  Stalker  
  50  5:08  Stalker x2  
  56  5:16  Shield Battery  
  56  5:19  Shield Battery  
  56  5:21  Pylon  
  32  5:36  Stalker x3  
  23  5:48  Stalker  
Tags
 
Add a new tag
Caveats
  • Supply blocks, unpowered buildings, or Contaminate may cause inaccurate times.
  • Supply counts are checked every 10 seconds.